 Seeded DCSS version 0.31-a0-664-g902f515a81 (webtiles) character file.

Game seed: 8226958467842168542 (custom seed)

6189 demibob the Impaler (level 10, -6/77 HPs)
             Began as a Merfolk Chaos Knight on Sept 3, 2023.
             Was a Follower of Okawaru.
             Mangled by Fannar
             ... wielding a +0 quarterstaff of freezing
              (8 damage)
             ... on level 10 of the Dungeon.
             The game lasted 00:14:37 (9329 turns).

demibob the Impaler (Merfolk Chaos Knight)          Turns: 9329, Time: 00:14:38

Health: -6/77      AC: 15    Str: 23    XL:     10   Next: 91%
Magic:  10/10      EV: 17    Int: 20    God:    Okawaru [*.....]
Gold:   562        SH:  0    Dex: 16    Spells: 9/9 levels left

rFire   . . .        a - +5 Lochaber axe {reach-cleave, Poleaxe Drain}
rCold   . . .        (shield currently unavailable)
rNeg    . . .        b - +2 leather armour
rPois   .            (helmet restricted)
rElec   .            c - +2 cloak "Focap" {Str+2}
rCorr   .            d - +0 pair of gloves
SInv    +            (no boots)
Will    .....        (no amulet)
Stlth   +++          f - ring of Contention {*Corrode Str+6 Int+6 SInv Stlth+}
HPRegen 0.32/turn    m - ring "Ekketegg" {Drain rF+ AC+4 Int+3 Stlth+}
MPRegen 0.12/turn

%: corrode self (3%)
@: no status effects
A: (nimble swimmer 2), mertail, horns 2, iridescent scales 1, robust 1, wild
magic 1, heat vulnerability 1
a: Renounce Religion, Heroism


You were on level 10 of the Dungeon.
You worshipped Okawaru.
Okawaru was aware of your devotion.
You visited 2 branches of the dungeon, and saw 11 of its levels.

You collected 1387 gold pieces.
You spent 825 gold pieces at shops.


Innate Abilities, Weirdness & Mutations

((You are very nimble when in or above water. (Stealth+, EV+, Speed+++)))
Your lower body shifts to a powerful aquatic tail in water.
You have a pair of horns on your head.
You are partially covered in iridescent scales. (AC +2)
You are robust. (+10% HP)
Your spells are a little harder to cast, but a little more powerful.
You are vulnerable to heat. (rF-)


   Skills:
 - Level 3.2 Fighting
 + Level 18.4 Polearms
 - Level 0.6 Armour
 + Level 10.1 Dodging


You had 9 spell levels left.
You didn't know any spells.
Your spell library contained the following spells:

 Spells                   Type           Power      Damage    Failure   Level
 Sandblast                Erth           0%         2d4       30%         1
 Passwall                 Tmut/Erth      0%         N/A       41%         2
 Frozen Ramparts          Ice            0%         1d1       63%         3
 Gell's Gravitas          Tloc           0%         N/A       63%         3
 Hailstorm                Conj/Ice       0%         3d3       63%         3
 Portal Projectile        Hex/Tloc       0%         N/A       63%         3
 Stone Arrow              Conj/Erth      0%         3d7       63%         3
 Teleport Other           Tloc           0%         N/A       63%         3
 Cause Fear               Hex            0%         N/A       95%         4
 Iskenderun's Mystic Bla  Conj/Tloc      0%         2d3       95%         4
 Petrify                  Tmut/Erth      0%         N/A       95%         4
 Borgnjor's Vile Clutch   Necr/Erth      0%         N/A       100%        5
 Fireball                 Conj/Fire      0%         3d3       100%        5
 Metabolic Englaciation   Hex/Ice        0%         N/A       100%        5
 Dispersal                Tloc           0%         N/A       100%        6
 Tukima's Dance           Hex            Unusable   N/A       N/A         3
 Animate Dead             Necr           Unusable   N/A       N/A         4
 Summon Ice Beast         Ice/Summ       Unusable   N/A       N/A         4
 Death Channel            Necr           Unusable   N/A       N/A         6
 Simulacrum               Ice/Necr       Unusable   N/A       N/A         6
 Dragon's Call            Summ           Unusable   N/A       N/A         9

Inventory:

Hand Weapons
 a - the +5 Lochaber axe (weapon) {reach-cleave, Poleaxe Drain}
   (You acquired it on level 2 of the Dungeon)

   Poleaxe:   It uses either Axes or Polearms skill, whichever is higher.
   Drain:     It drains your maximum health when unequipped.
Missiles
 u - a throwing net {=f}
Armour
 b - a +2 leather armour (worn)
 c - the +2 cloak "Focap" (worn) {Str+2}
   (You acquired it on level 4 of the Dungeon)

   Str+2:     It affects your strength (+2).
 d - a +0 pair of gloves (worn)
 e - a +0 helmet
Jewellery
 f - the ring of Contention (left hand) {*Corrode Str+6 Int+6 SInv Stlth+}
   (You acquired it on level 8 of the Dungeon)

   [ring of strength]

   Str+6:     It affects your strength (+6).
   Int+6:     It affects your intelligence (+6).
   SInv:      It lets you see invisible.
   *Corrode:  It may corrode you when you take damage.
   Stlth+:    It makes you more stealthy.
 m - the ring "Ekketegg" (right hand) {Drain rF+ AC+4 Int+3 Stlth+}
   (Xom gifted it to you on level 9 of the Dungeon)

   [ring of protection]

   AC+4:      It affects your AC (+4).
   Int+3:     It affects your intelligence (+3).
   rF+:       It protects you from fire.
   Drain:     It drains your maximum health when unequipped.
   Stlth+:    It makes you more stealthy.
Wands
 i - a wand of polymorph (5)
 n - a wand of quicksilver (4)
 o - a wand of flame (36)
Scrolls
 g - 3 scrolls of amnesia
 h - 2 scrolls of identify {@r1}
 j - a scroll of teleportation {@r2}
 p - 3 scrolls of noise
 s - a scroll of enchant weapon
 w - a scroll of silence {unknown}
Potions
 k - 2 potions of mutation
 l - 3 potions of lignification
 q - a potion of cancellation
 r - 2 potions of brilliance
 t - a potion of attraction {unknown}
 v - a potion of degeneration {unknown}

Dungeon Overview and Level Annotations

Branches:
Dungeon (10/15)            Temple (1/1) D:7             Orc (0/2) D:9
   Lair: D:8-11

Altars:
Ashenzari
Cheibriados
Dithmenos
Elyvilon
Fedhas
Gozag
Hepliaklqana
Kikubaaqudgha
Makhleb
Nemelex Xobeh
Okawaru
Qazlal
Ru
Sif Muna
Trog
Uskayaw
Vehumet
Wu Jian
Xom
Yredelemnul
Zin
The Shining One

Shops:
D:4 ?   D:9 [

Annotations:
D:3 1 runed translucent door, Crazy Yiuf
D:10 Fannar

. ........... ..
.####........... ...
................#####...
........................
........................
........................
................e§......
..))........####@########
..)#......#.#.)..........
.).#........###'########+
...#.....###.......[...
...#.....# #...#######.
...#.....+ #......
.........# #........
.......### ######+##
.#####.#


You could see Fannar.


Message History

The ice beast hits you but does no damage.
You barely miss Fannar. You headbutt Fannar!
Fannar is severely wounded.
You slash the ice beast!
Fannar hits you with a +0 quarterstaff of freezing.
* * * LOW HITPOINT WARNING * * *
Fannar freezes you.
* * * LOW HITPOINT WARNING * * *
The ice beast hits you but does no damage.
You completely miss Fannar. Your headbutt misses Fannar.
Fannar is severely wounded.
You slash the ice beast! Fannar misses you. The ice beast hits you.
* * * LOW HITPOINT WARNING * * *
The ice beast freezes you!
* * * LOW HITPOINT WARNING * * *
You miss Fannar.
Fannar is severely wounded.
You closely miss the ice beast. Fannar barely misses you.
The ice beast completely misses you.
You hit Fannar.
Fannar is severely wounded.
You hit the ice beast but do no damage. Fannar hits you but does no damage.
The ice beast barely misses you.
You closely miss Fannar.
Fannar is severely wounded.
You slash the ice beast!
You kill the ice beast!
The ice beast disappears in a puff of smoke!
Fannar hits you with a +0 quarterstaff of freezing!
You die...

Skill      XL: |  1  2  3  4  5  6  7  8  9 10 |
---------------+-------------------------------+-----
Polearms       | 5 6 7 8 10 11 14 17 18 | 18.4
Dodging        | 6 10 | 10.1
Fighting       | |  3.2
Armour         | |  0.6

Action                     |  1- 3 |  4- 6 |  7- 9 | 10-12 || total
---------------------------+-------+-------+-------+-------++-------
  Melee: Spear             |   100 |    95 |       |       ||   195
         Lochaber axe      |       |    53 |   212 |   128 ||   393
         Headbutt          |       |       |     6 |    16 ||    22
  Evoke: Wand              |       |       |     2 |     1 ||     3
    Use: Scroll            |     1 |     4 |    12 |     1 ||    18
         Potion            |       |       |     5 |     2 ||     7
   Stab: Sleeping          |       |     2 |       |     5 ||     7
         Distracted        |       |     2 |       |       ||     2
         Confused          |       |     1 |       |       ||     1
         Invisible         |       |       |     1 |       ||     1
 Armour: Leather armour    |    34 |    40 |   128 |    94 ||   296
  Dodge: Dodged            |    50 |    49 |   132 |   115 ||   346

Levels and vault maps discovered:
D:1:      psy_arrival_statuary, layout_rooms
D:2:      layout_basic, uniq_robin
D:3:      layout_basic, minmay_misc_feat_tiny, corexii_leaking_fountain,
          uniq_jessica, uniq_crazy_yiuf_cottage
D:4:      layout_basic, serial_co_window_serial, co_window_of_opportunity_a,
          co_window_paths_b, co_window_paths_a, co_window_corner_a,
          co_window_paths_a, co_window_corner_ca, co_window_broadway_b,
          co_window_of_opportunity_b, co_window_broadway_a, co_window_paths_c,
          glass_columns_c, glass_columns_a, serial_shops, shop,
          hangedman_decor_riveting, uniq_grinder
D:5:      layout_basic, amethyst_overflow_temple_binary, kennysheep_dice,
          uniq_sigmund
D:6:      layout_cave_pools, grunt_tough_drop, uniq_maggie, uniq_blork_the_orc
D:7:      layout_loops_ring, nicolae_gozag_seed_capital, lemuel_doored_altar,
          minmay_temple_entry_fiery, uniq_prince_ribbit1
D:8:      layout_loops_ring
D:9:      kennysheep_kobold_camp, layout_layer_cave, slow_altar_2,
          mainiacjoe_overflow_cross_hatched,
          kennysheep_orc_monster_closet_entryway, serial_shops, shop
D:10:     layout_stronghold, nicolae_stop_n_shop_1, grunt_ogre_cave, uniq_fannar
Temple:   compressed_dpeg_triangle_lava_temple

Notes
Turn   | Place    | Note
-------+----------+-------------------------------------------
     0 | D:1      | demibob the Merfolk Chaos Knight began the quest for the
                  | Orb.
     0 | D:1      | Reached XP level 1. HP: 18/18 MP: 1/1
    91 | D:1      | Reached XP level 2. HP: 23/24 MP: 2/2
   111 | D:1      | Reached skill level 5 in Polearms
   116 | D:1      | XOM: potion effect (attraction)
   152 | D:1      | Reached XP level 3. HP: 20/29 MP: 3/3
   419 | D:2      | XOM: scenery: create altars
   427 | D:2      | Reached skill level 6 in Polearms
   459 | D:2      | Noticed Robin
   477 | D:2      | Killed Robin
   478 | D:2      | Reached XP level 4. HP: 28/35 MP: 4/4
   494 | D:2      | XOM: give mutations
   494 | D:2      | Gained mutation: You are vulnerable to heat. (rF-) [Xom's
                  | mischief]
   494 | D:2      | Gained mutation: You are strong-willed. (Will+) [Xom's
                  | mischief]
   494 | D:2      | Lost mutation: You are strong-willed. (Will+) [Xom's
                  | mischief]
   494 | D:2      | Gained mutation: You are dopey. (Int -2) [Xom's mischief]
   652 | D:2      | XOM: god gift: wand of polymorph (5)
   760 | D:2      | Reached skill level 7 in Polearms
  1029 | D:2      | XOM: noise
  1057 | D:2      | XOM: divination: magic mapping
  1219 | D:2      | XOM: stat loss: -1 Str (11/12)
  1266 | D:2      | Identified 2 scrolls of acquirement
  1266 | D:2      | Acquired 961 gold pieces
  1268 | D:2      | Acquired the +5 Lochaber axe {reach-cleave, Poleaxe Drain}
  1268 | D:2      | Found the +5 Lochaber axe {reach-cleave, Poleaxe Drain}
  1289 | D:3      | Reached XP level 5. HP: 35/41 MP: 5/5
  1354 | D:3      | Reached skill level 8 in Polearms
  1539 | D:3      | Reached XP level 6. HP: 47/47 MP: 6/6
  1564 | D:3      | XOM: cast spell 'Death Channel'
  1626 | D:3      | XOM: silly message
  1648 | D:3      | Noticed Jessica
  1661 | D:3      | Killed Jessica
  1822 | D:3      | XOM: silly message
  1841 | D:3      | Found a runed translucent door.
  1842 | D:3      | Noticed Crazy Yiuf
  2050 | D:3      | XOM: 7-stop teleportation journey
  2360 | D:4      | Reached skill level 9 in Polearms
  2377 | D:4      | Noticed Grinder
  2380 | D:4      | Paralysed by Grinder for 2 turns
  2381 | D:4      | XOM: swap monsters
  2383 | D:4      | Killed Grinder
  2384 | D:4      | Reached skill level 10 in Polearms
  2384 | D:4      | Reached XP level 7. HP: 27/52 MP: 7/7
  2797 | D:4      | XOM: summons 1 hostile demon
  2873 | D:4      | Reached skill level 11 in Polearms
  3069 | D:4      | Found Goeh's Magic Scroll Shop.
  3077 | D:4      | Bought a scroll of acquirement for 676 gold pieces
  3077 | D:4      | Bought a scroll of identify for 26 gold pieces
  3077 | D:4      | Bought a scroll of identify for 26 gold pieces
  3077 | D:4      | Bought a scroll of blinking for 97 gold pieces
  3077 | D:4      | Acquired the +2 cloak "Focap" {Str+2}
  3362 | D:5      | Entered Level 5 of the Dungeon
  3446 | D:5      | XOM: divination: magic mapping
  3632 | D:5      | Reached XP level 8. HP: 53/58 MP: 8/8
  3697 | D:5      | XOM: noise
  3872 | D:5      | Reached skill level 12 in Polearms
  4005 | D:5      | Noticed Sigmund
  4008 | D:5      | Killed Sigmund
  4009 | D:5      | Reached skill level 13 in Polearms
  4071 | D:5      | XOM: noise
  4082 | D:5      | Found a glowing silver altar of Zin.
  4089 | D:5      | Found an iron altar of Okawaru.
  4403 | D:6      | Noticed Blork the orc
  4554 | D:6      | Killed Blork the orc
  4566 | D:6      | XOM: draining
  4593 | D:6      | Noticed Maggie
  4610 | D:6      | Maggie changed into Maggie the hornet
  4610 | D:6      | Noticed Maggie
  4610 | D:6      | XOM: polymorph Maggie -> Maggie the hornet
  4616 | D:6      | Paralysed by Maggie for 1 turns
  4618 | D:6      | Killed Maggie the hornet
  4619 | D:6      | Reached skill level 14 in Polearms
  4676 | D:6      | XOM: 2-stop teleportation journey
  4795 | D:6      | Reached XP level 9. HP: 64/64 MP: 9/9
  4857 | D:6      | XOM: blink monster(s)
  4858 | D:6      | Reached skill level 15 in Polearms
  5208 | D:6      | XOM: silly message
  5351 | D:6      | XOM: swap monsters
  5363 | D:6      | Reached skill level 16 in Polearms
  5386 | D:6      | XOM: stat loss: -1 Int (8/9)
  5512 | D:7      | Found a burning altar of Makhleb.
  5566 | D:7      | Found an opulent altar of Gozag.
  5609 | D:7      | Reached skill level 3 in Dodging
  5852 | D:7      | Noticed Prince Ribbit
  5857 | D:7      | XOM: smoke on damage
  5862 | D:7      | Killed Prince Ribbit
  5863 | D:7      | Reached skill level 4 in Dodging
  6141 | D:7      | Found a staircase to the Ecumenical Temple.
  6151 | D:7      | XOM: torment (33/64 hp)
  6328 | D:8      | XOM: 6-stop teleportation journey
  6409 | D:8      | XOM: god gift: wand of quicksilver (5)
  6420 | D:8      | XOM: cast spell 'Chain of Chaos'
  6421 | D:8      | Reached skill level 5 in Dodging
  6427 | D:8      | XOM: confuse monster(s)
  6627 | D:8      | XOM: smoke on damage
  6655 | D:8      | XOM: give mutations
  6655 | D:8      | Gained mutation: You have a pair of small horns on your
                  | head. [Xom's grace]
  6655 | D:8      | Lost mutation: You are dopey. (Int -2) [Xom's grace]
  6878 | D:8      | Reached skill level 6 in Dodging
  6915 | D:8      | You fall into a shaft and drop 1 floor!
  6934 | D:9      | Reached skill level 17 in Polearms
  6934 | D:9      | Reached XP level 10. HP: 33/70 MP: 10/10
  6943 | D:9      | Reached skill level 7 in Dodging
  7254 | D:8      | Acquired the ring of Contention {*Corrode Str+6 Int+6 SInv
                  | Stlth+}
  7320 | Temple   | Entered the Ecumenical Temple
  7361 | D:7      | XOM: give mutations
  7361 | D:7      | Gained mutation: You are partially covered in iridescent
                  | scales. (AC +2) [Xom's grace]
  7361 | D:7      | Gained mutation: You are robust. (+10% HP) [Xom's grace]
  7361 | D:7      | Gained mutation: You have a pair of horns on your head.
                  | [Xom's grace]
  7361 | D:7      | Gained mutation: Your spells are a little harder to cast,
                  | but a little more powerful. [Xom's grace]
  7474 | D:5      | Fell from the grace of Xom
  7474 | D:5      | Became a worshipper of Warmaster Okawaru
  7711 | D:9      | Found a radiant altar of Vehumet.
  7847 | D:9      | Found Kikenepp's Antique Armour Shop.
  8056 | D:9      | Identified the ring "Ekketegg" {Drain rF+ AC+4 Int+3
                  | Stlth+} (Xom gifted it to you on level 9 of the Dungeon)
  8056 | D:9      | XOM: god gift: ring "Ekketegg" {Drain rF+ AC+4 Int+3
                  | Stlth+}
  8108 | D:9      | Reached skill level 8 in Dodging
  8426 | D:9      | Found a staircase to the Orcish Mines.
  8439 | D:9      | Reached * piety under Okawaru
  8440 | D:9      | Reached skill level 9 in Dodging
  8445 | D:9      | Reached skill level 18 in Polearms
  8861 | D:9      | Found a snail-covered altar of Cheibriados.
  8865 | D:9      | XOM: summons 2 hostile shadow creatures
  9049 | D:10     | Entered Level 10 of the Dungeon
  9198 | D:10     | Noticed a gargoyle
  9199 | D:10     | Killed a gargoyle
  9200 | D:10     | Reached skill level 10 in Dodging
  9203 | D:10     | Noticed Fannar
  9326 | D:10     | HP: 1/77 [ice beast[Fannar] (10)]
  9329 | D:10     | Mangled by Fannar

Vanquished Creatures
  A gargoyle (D:10)
  A troll (D:9)
  Prince Ribbit (D:7)
  A hornet (D:6)
  Grinder (D:4)
  Sigmund (D:5)
  A shadow (D:9)
  A wyvern (D:9)
  A wraith (D:9)
  4 vampire mosquitoes (D:9)
  An acid dragon (D:8)
  3 water moccasins
  An ice beast (D:5)
  7 orc warriors
  2 ogres (D:9)
  3 centaurs
  5 kobold brigands
  A phantom (D:6)
  A gnoll sergeant (D:9)
  Blork the orc (D:6)
  A bullfrog (D:9)
  4 scorpions
  5 wights
  6 killer bees (D:9)
  A howler monkey (D:8)
  3 jellies
  3 hounds
  4 orc priests
  A gnoll bouda (D:6)
  Jessica (D:3)
  4 iguanas
  7 orc wizards
  2 sleepcaps
  Robin (D:2)
  5 adders
  12 gnolls
  2 shadow imps
  4 worms
  A dart slug (D:3)
  44 orcs
  6 ball pythons
  2 bats (D:1)
  11 endoplasms
  A giant cockroach (D:3)
  14 goblins
  8 hobgoblins
  10 jackals
  5 quokkas
  A frilled lizard (D:2)
  29 kobolds
  8 rats
244 creatures vanquished.

Vanquished Creatures (collateral kills)
  A hobgoblin (D:1)
  A jackal (D:2)
2 creatures vanquished.

Vanquished Creatures (others)
  A ball python zombie (D:1)
  A jackal zombie (D:1)
2 creatures vanquished.

Grand Total: 248 creatures vanquished

Table legend: (Time is in decaauts)
 A = Elapsed time spent in this place.
 B = Non-inter-level travel time spent in this place.
 C = Inter-level travel time spent in this place.
 D = Time resting spent in this place.
 E = Time spent auto-exploring this place.
 F = Levels seen in this place.
 G = Mean time per level.
                   A        B        C        D        E       F      G
               +--------+--------+--------+--------+--------+-----+--------+
         Total |   9393 |   8916 |    477 |    750 |   6860 |  11 |  853.9 |
       Dungeon |   9391 |   8915 |    476 |    750 |   6860 |  10 |  939.1 |
        Temple |      1 |      0 |      1 |      0 |      0 |   1 |    1.0 |
               +--------+--------+--------+--------+--------+-----+--------+

Top non-repeatable levels by time:
     D:9: 1584 daAuts
     D:5: 1280 daAuts
     D:3: 1071 daAuts
     D:7: 1048 daAuts
     D:4: 1046 daAuts
     D:6: 943 daAuts
     D:8: 891 daAuts
     D:2: 846 daAuts
     D:1: 395 daAuts
    D:10: 282 daAuts
  Temple: 1 daAuts

Table legend:
 A = Non-vault XP
 B = Vault XP
 C = Vault XP percentage of total XP
 D = Non-vault monster count
 E = Vault monster count
 F = Vault count percentage of total count
                 A         B        C        D         E       F
            +---------+---------+-------+---------+---------+-------
      Total |    5646 |    3196 |  36.1 |     181 |      65 |  26.4
            +---------+---------+-------+---------+---------+-------
        D:1 |      56 |       0 |   0.0 |      26 |       0 |   0.0
        D:2 |      71 |      34 |  32.4 |      24 |      12 |  33.3
        D:3 |     256 |      37 |  12.6 |      27 |       1 |   3.6
        D:4 |     236 |     258 |  52.2 |      11 |       1 |   8.3
        D:5 |     308 |     387 |  55.7 |      15 |       3 |  16.7
        D:6 |    1038 |     614 |  37.2 |      29 |       5 |  14.7
        D:7 |     205 |     286 |  58.2 |       6 |       1 |  14.3
        D:8 |     856 |       0 |   0.0 |      14 |       0 |   0.0
        D:9 |    1979 |    1580 |  44.4 |      17 |      42 |  71.2
       D:10 |     641 |       0 |   0.0 |      12 |       0 |   0.0
            +---------+---------+-------+---------+---------+-------
